Map: Ice and Chrome LE

Players

Reynor

  • Race: Zerg Zerg
  • Spawn Location: 1:00

INnoVation - Winner!

  • Race: Terran Terran
  • Spawn Location: 7:00

Event: DreamHack SC2 Masters 2020 Summer Season Finals

VOD

https://www.youtube.com/watch?v=gBzZwDsU-mM

Description

Time

  • Played on: July 18, 2020, 10:24 a.m.
  • Length: 5:35

All games in this series

Show
View Real Time Build Order
Export as new Build Order

Reynor Zerg 

Build Orders: Hatch First 

Get SALT Encoding   

  12  0:00  Drone  
  13  0:12  Overlord  
  13  0:17  Drone  
  14  0:30  Drone  
  14  0:31  Drone  
  16  0:48  Hatchery  
  15  0:52  Drone  
  15  0:56  Drone  
  17  0:59  Drone  
  18  1:10  Extractor  
  17  1:15  Spawning Pool  
  16  1:18  Drone  
  16  1:22  Drone  
  18  1:28  Drone  
  19  1:39  Drone  
  20  1:49  Overlord  
  20  2:02  Zergling x2, Queen x2  
  20  2:03  Zergling x2  
  26  2:11  Drone x2  
  28  2:15  Metabolic Boost  
  28  2:23  Drone x2  
  30  2:33  Drone x2  
  32  2:37  Queen  
  32  2:40  Queen  
  36  2:45  Overlord  
  36  2:54  Overlord  
  36  3:04  Drone x2  
  36  3:05  Drone  
  39  3:06  Drone  
  39  3:10  Drone x3  
  39  3:12  Drone x3  
  48  3:20  Drone x2  
  48  3:29  Hatchery  
  47  3:34  Lair  
  47  3:36  Drone  
  47  3:40  Drone x2  
  50  3:41  Extractor  
  50  3:43  Zergling x2  
  50  3:45  Overlord  
  50  3:50  Drone x2  
  52  3:58  Baneling Nest  
  51  4:03  Queen  
  51  4:05  Drone x3  
  51  4:06  Drone x3  
  51  4:08  Extractor  
  58  4:16  Overlord  
  58  4:18  Zergling x2  
  58  4:20  Zergling x2  
  58  4:22  Overlord  
  60  4:27  Spine Crawler  
  60  4:30  Zergling x2, Evolution Chamber  
  59  4:31  Evolution Chamber  
  59  4:33  Zergling x4  
  59  4:35  Queen  
  59  4:36  Zergling x2  
  59  4:37  Zergling x2  
  59  4:46  Zergling x2  
  59  4:47  Zergling x4  
  59  4:48  Queen  
  59  4:50  Zergling x2  
  59  4:52  Zergling x4  
  62  4:57  Zergling x4  
  62  4:59  Zergling x4  
  59  5:04  Zergling x2  
  55  5:07  Zergling x2  
  55  5:12  Zergling x2  
  55  5:13  Zergling x2  
  52  5:17  Zergling x2  
Show
View Real Time Build Order
Export as new Build Order

INnoVation Terran - Winner!

Build Orders: Liberator Opening, Reaper Expand 

Get SALT Encoding   

  12  0:00  SCV  
  13  0:13  SCV  
  14  0:17  Supply Depot  
  14  0:25  SCV  
  15  0:38  SCV  
  15  0:39  Barracks  
  16  0:43  Refinery  
  16  0:50  SCV  
  17  1:02  SCV  
  18  1:14  SCV  
  19  1:27  Reaper, Orbital Command  
  20  1:39  Command Center  
  20  1:49  Supply Depot  
  20  1:52  SCV  
  21  1:58  Marine  
  22  2:04  SCV  
  22  2:08  Factory  
  23  2:13  Refinery  
  23  2:17  SCV  
  23  2:21  Barracks Reactor  
  24  2:29  SCV  
  25  2:41  SCV  
  26  2:52  Orbital Command  
  26  2:53  SCV, Starport  
  27  3:00  Hellion x2  
  27  3:05  SCV, Marine  
  33  3:17  SCV  
  33  3:18  SCV  
  35  3:22  Hellion  
  35  3:23  Hellion, Marine  
  35  3:24  Supply Depot  
  40  3:29  Medivac  
  40  3:32  Armory  
  42  3:36  SCV  
  42  3:40  Marine  
  44  3:45  Hellion  
  44  3:46  Hellion  
  48  3:49  Supply Depot  
  48  3:52  SCV x2  
  50  3:59  Liberator  
  53  4:10  SCV  
  53  4:11  Hellion x2  
  53  4:12  SCV  
  53  4:13  Supply Depot  
  59  4:18  Barracks Tech Lab  
  59  4:30  SCV x2  
  61  4:35  Hellion  
  61  4:36  Supply Depot  
  62  4:44  Marine  
  61  4:45  Liberator  
  61  4:47  SCV x2  
  61  4:51  Hellion  
  66  4:57  Hellion  
  66  4:59  SCV  
  66  5:00  SCV  
  66  5:11  Command Center  
  66  5:12  SCV x2  
  64  5:14  Marine  
  65  5:24  Barracks  
  65  5:28  Barracks  
  65  5:30  Factory Reactor  
  65  5:31  Starport Reactor  
  65  5:32  Engineering Bay  
  65  5:33  Engineering Bay  
Tags
 
Add a new tag
Caveats
  • Supply blocks, unpowered buildings, or Contaminate may cause inaccurate times.
  • Supply counts are checked every 10 seconds.